 Dungeon Crawl Stone Soup version 0.31.0-11-ge490571c62 (webtiles) character file.

Game seed: 7041330468752873765

35 qw the Ducker (level 3, -1/18 HPs)
             Began as a Spriggan Hunter on Feb 4, 2024.
             Succumbed to Sigmund's poison
             ... on level 2 of the Dungeon.
             The game lasted 00:00:22 (1364 turns).

qw the Ducker (Spriggan Hunter)                     Turns: 1364, Time: 00:00:23

Health: -1/18      AC:  2    Str:  7    XL:     3   Next: 16%
Magic:  4/4        EV: 19    Int: 10    God:
Gold:   82         SH:  0    Dex: 20    Spells: 2/2 levels left

rFire   . . .        a - +0 shortbow
rCold   . . .        (shield currently unavailable)
rNeg    . . .        c - +0 robe
rPois   .            (helmet restricted)
rElec   .            (no cloak)
rCorr   .            (gloves unavailable)
SInv    +            (boots unavailable)
Will    .....        (no amulet)
Stlth   ++           (no ring)
HPRegen 0.23/turn    (no ring)
MPRegen 0.09/turn

%: no passive effects
@: lethally poisoned (-1 -> -11), very quick
A: very small, no large weapons, unfitting armour, see invisible, speed 3
a: no special abilities


You were on level 2 of the Dungeon.
You visited 1 branch of the dungeon, and saw 2 of its levels.

You collected 82 gold pieces.


Innate Abilities, Weirdness & Mutations

You are very small and have problems with some larger weapons.
You are too small for most types of armour.
You have supernaturally acute eyesight. (SInv)
You cover ground extremely quickly. (Speed+++)


   Skills:
 - Level 1.5 Fighting
 + Level 4.3 Ranged Weapons
 - Level 4.3 Dodging
 - Level 1.5 Stealth


You had 2 spell levels left.
You didn't know any spells.
Your spell library was empty.

Inventory:

Hand Weapons
 a - a +0 shortbow (weapon)
Armour
 c - a +0 robe (worn)
Jewellery
 b - an amulet of faith
Scrolls
 e - a scroll of identify {unknown}
Potions
 d - a potion of lignification {unknown}
 h - a potion of curing {unknown}
 i - a potion of mutation {unknown}

Dungeon Overview and Level Annotations

Branches:
Dungeon (2/15)

Altars:

Annotations:
D:2 1 runed translucent door, Crazy Yiuf, Sigmund


Message History

Found a hammer.
You see here a +0 hammer.
You see here a +0 hammer.
Found three hammers.
You see here a +0 hammer.
You see here a +0 hammer.
You see here a +0 hammer.
You see here a +0 hammer.
You see here a +0 hammer.
Sigmund the Dreaded comes into view.
He is wielding a +2 scythe of venom.
Sigmund shouts!
Sigmund casts a spell at you. You resist with some effort.
Enter note: You shoot an arrow.
The arrow barely misses Sigmund.
You shoot an arrow. The arrow closely misses Sigmund.
Sigmund points at you and mumbles some strange words.
The magic dart hits you!
Ouch! That really hurt!
1355 ||| FLEEEEING.
You start resting.
Sigmund is nearby!
You shoot an arrow. The arrow hits Sigmund!
Sigmund is moderately wounded.
You start resting.
Sigmund is nearby!
You shoot an arrow. The arrow hits Sigmund.
Sigmund is heavily wounded.
You shoot an arrow.
The arrow hits Sigmund but does no damage.
Sigmund is heavily wounded.
Sigmund hits you from afar with a +2 scythe of venom.
You are lethally poisoned!
You shoot an arrow.
The arrow hits Sigmund but does no damage.
Sigmund is heavily wounded.
You feel very sick. Sigmund closely misses you.
You shoot an arrow. The arrow closely misses Sigmund.
You die...

..|##.####..#.##.................
.......####...##.................
..............##.................
.................................
...#.........#...................
.............###....#############
...#####.....# #....# ..##
#..###.###....#


7777 ..#####..###....@...# ### 777)7) ..............@##.### #)))#7))7).
..#...^<..........# #g))+)7777. #..............## #)))#77 77 #........>..... ###
7 #.............. #####.#####.... #.# #@... ..# ..... You could see Sigmund.

Vanquished Creatures
  A gnoll (D:1)
  2 ball pythons (D:1)
  3 endoplasms
  4 giant cockroaches (D:1)
  2 hobgoblins
  2 kobolds (D:1)
  4 frilled lizards
  2 goblins (D:1)
  4 rats (D:1)
24 creatures vanquished.

Notes
Turn   | Place    | Note
-------+----------+-------------------------------------------
     0 | D:1      | qw the Spriggan Hunter began the quest for the Orb.
     0 | D:1      | Reached XP level 1. HP: 10/10 MP: 2/2
     0 | D:1      | 0 ||| qw: Version: 0.3-a-160-g6735b56
     0 | D:1      | 0 ||| qw: Game counter: 5968
     0 | D:1      | 0 ||| qw: Melee chars always use a shield: true
     0 | D:1      | 0 ||| qw: God list: Okawaru
     0 | D:1      | 0 ||| qw: Allow faded altars: false
     0 | D:1      | 0 ||| qw: Do Orc after clearing Dungeon:15 true
     0 | D:1      | 0 ||| qw: Do second Lair branch before Depths: true
     0 | D:1      | 0 ||| qw: Lair rune preference: random
     0 | D:1      | 0 ||| qw: Goals: Normal
     0 | D:1      | 0 ||| PLANNING D:1-11
    40 | D:1      | Reached skill level 3 in Dodging
   308 | D:1      | Reached XP level 2. HP: 14/14 MP: 3/3
   406 | D:1      | Found a faded altar of an unknown god.
   407 | D:1      | 407 ||| READING scroll labelled NER DUBRUE.
   408 | D:1      | 408 ||| READING 2 scrolls labelled XAZUIRI TIAPEIRCH.
   654 | D:1      | 654 ||| DROPPING +0 sling of draining.
   801 | D:1      | Reached XP level 3. HP: 18/18 MP: 4/4
  1194 | D:1      | 1194 ||| READING scroll labelled YPTYUPROYRCH.
  1195 | D:1      | 1195 ||| READING scroll labelled QUORRI WOMN.
  1196 | D:1      | 1196 ||| DROPPING scroll of butterflies.
  1197 | D:1      | 1197 ||| DROPPING scroll of vulnerability.
  1310 | D:2      | Found a runed translucent door.
  1311 | D:2      | Noticed Crazy Yiuf
  1352 | D:2      | Noticed Sigmund
  1355 | D:2      | 1355 ||| FLEEEEING.
  1363 | D:2      | HP: 1/18 [poisoned by Sigmund]
  1364 | D:2      | Succumbed to Sigmund's poison

Levels and vault maps discovered:
D:1:      psy_arrival_radial02, layout_basic,
          shapermc_ecumenical_altar_notcrosses, chequers_serial_rivers_room_a,
          minmay_tromino_v4_b
D:2:      layout_rooms, uniq_sigmund, uniq_crazy_yiuf_cottage

Skill      XL: |  1  2 |
---------------+-------+-----
Dodging        | 3 4 |  4.3
Fighting       | |  1.5
Ranged Weapons | |  4.3
Stealth        | |  1.5

Action                     || total
---------------------------++-------
   Fire: Shortbow          ||    70
    Use: Scroll            ||     4
 Armour: Robe              ||    10
  Dodge: Dodged            ||    19

Table legend:
 A = Non-vault XP
 B = Vault XP
 C = Vault XP percentage of total XP
 D = Non-vault monster count
 E = Vault monster count
 F = Vault count percentage of total count
                 A         B        C        D         E       F
            +---------+---------+-------+---------+---------+-------
      Total |      47 |       3 |   6.0 |      22 |       2 |   8.3
            +---------+---------+-------+---------+---------+-------
        D:1 |      40 |       3 |   7.0 |      18 |       2 |  10.0
        D:2 |       7 |       0 |   0.0 |       4 |       0 |   0.0
            +---------+---------+-------+---------+---------+-------
